Flyers vs Islanders

Created - April 21, 2024 at 20:27

Goals
1 2 3 T
Flyers 3 1 0 4
Islanders 1 0 0 1
Shots
1 2 3 T
Flyers 10 9 9 28
Islanders 7 1 2 10

GoalsPenalties
1st period
1. Flyers , Mika Zibanejad 7 (Alex Pietrangelo 10) at 4:13
2. Flyers , Jake DeBrusk 2 (Aaron Ekblad 12, Alex Pietrangelo 11) at 15:03 (PP)
3. Islanders , Connor McDavid 7 (Jake Guentzel 6, Neal Pionk 8) at 18:09
4. Flyers , Robert Thomas 4 (Aaron Ekblad 13, Jared McCann 3) at 19:22
Justin Holl (NYI) for Delaying the game (Minor) at 9:42
Eetu Luostarinen (PHI) for Hooking (Minor) at 9:42
Justin Holl (NYI) for Tripping (Minor) at 13:53
2nd period
5. Flyers , Aaron Ekblad 2 (Robert Thomas 9, Alex Pietrangelo 12) at 17:22 (PP)
Mika Zibanejad (PHI) for High sticking (Minor) at 7:43
Evgeny Kuznetsov (NYI) for Hooking (Minor) at 12:20
Connor McDavid (NYI) for Hooking (Minor) at 15:42
3rd period
No Goal
Nick Leddy (NYI) for Roughing (Minor) at 16:37
Goalie Stats
Linus Ullmark (PHI), 9 saves from 10 shots - (0.900), W, 8-4-1, 60:00 minutes
John Gibson (NYI), 20 saves from 22 shots - (0.909), 44:57 minutes
Ville Husso (NYI), 4 saves from 6 shots - (0.667), L, 7-6-0, 15:03 minutes
3 StarsOfficial
1 - Aaron Ekblad (PHI)
2 - Alex Pietrangelo (PHI)
3 - Robert Thomas (PHI)
Referees : Steve Kozari and TJ Luxmore
Linesman : Jesse Marquis and Brandon Gawryletz
Game Note
John Gibson enters game at 15:03 of 1st period
Jake DeBrusk is injured at 4:24 of 3rd period (Groin)
Finance
Level 1 -- Attendance: 6000 (100.00%) -- Ticket Income $690,000
Level 2 -- Attendance: 5000 (100.00%) -- Ticket Income $425,000
Level 3 -- Attendance: 2000 (100.00%) -- Ticket Income $156,000
Level 4 -- Attendance: 1795 (100.00%) -- Ticket Income $107,700
Luxury Box -- Attendance: 1000 (100.00%) -- Ticket Income $213,000
Game was played at the Barclays Center.
Total Attendance: 15795 (100.00%)
Total Ticket Income: $1,591,700
Other Income: $397,925
Total Income: $1,989,625



Team Name Goals Shots Shots Attemp Shots Blocked PIM HIT PP PK FO%
Flyers 4285144132 / 4 (50%)054%
Islanders 11026810150 / 1 (0%)246%

Flyers
Player Name POS G A P +/- PIM HIT SHT SB MP PP MP PP SHT PK MP PK SHT FO% FOT
Aaron EkbladD1231012121:323:2510:3800% 0
Alex PietrangeloD0331000023:423:2501:2100% 0
Calle JarnkrokC0000000010:350:5301:07044% 9
Chris TanevD000-1000014:480:0000:0000% 0
Dante FabbroD000-1000214:480:0000:0000% 0
Eetu LuostarinenC000020108:340:0000:0000% 0
Eric StaalC000000108:020:0000:4200% 0
Jake DeBruskLW1010022014:052:4310:1000% 0
Jared McCannLW0110005018:353:1200:0000% 1
Joel FarabeeLW0000011016:383:3601:07050% 2
Johnny GaudreauLW0001023022:063:1210:000100% 1
Mika ZibanejadC1011215022:593:1220:00061% 28
Morgan GeekieC000000007:200:0000:00033% 6
Robert ThomasC1120002019:573:3600:00057% 21
Sam LaffertyC000001008:120:0000:5200% 0
Victor HedmanD0001023023:403:2331:2100% 0
Vince DunnD0001000118:070:0000:3800% 0
William NylanderRW0001033022:203:2300:0000% 0
Islanders
Player Name POS G A P +/- PIM HIT SHT SB MP PP MP PP SHT PK MP PK SHT FO% FOT
Brad MarchandLW0000020018:320:5100:0000% 1
Brent BurnsD0000020123:270:5103:1200% 0
Chandler StephensonC000-1020011:421:0801:38038% 8
Connor McDavidC1010202019:450:5100:00043% 23
Evgeny KuznetsovC000-1221010:031:0800:0000% 0
Jake GuentzelLW0110000019:490:5100:0000% 0
Jean-Gabriel PageauC0000000011:081:0805:10056% 16
Jon MarchessaultLW/RW0000011017:080:0000:0000% 0
Justin HollD000-1410216:490:0000:0000% 0
Matt DucheneC0000002018:320:0000:00047% 19
Michael BuntingLW000000005:290:0000:0000% 0
Mikael GranlundC000-1000114:060:0005:1000% 1
Neal PionkD0110010022:380:0003:3600% 0
Nick LeddyD000-1200314:321:0800:3800% 0
Pavel BuchnevichLW0000012017:500:0000:0000% 0
Shayne GostisbehereD0000002019:041:0802:5800% 0
Shea TheodoreD0000010123:270:5103:1200% 0
Tanner JeannotLW000002007:070:0001:3800% 0



Play-by-Play

1st period


0:01 of 1st period - Mika Zibanejad wins face-off versus Connor McDavid in neutral zone.
1:05 of 1st period - Shot by Matt Duchene.
1:05 of 1st period - Shot Blocked by Aaron Ekblad.
1:09 of 1st period - Shot by Pavel Buchnevich.
1:09 of 1st period - Stopped by Linus Ullmark without a rebound.
1:10 of 1st period - Chandler Stephenson wins face-off versus Calle Jarnkrok in Flyers zone.
1:21 of 1st period - Shot by Eetu Luostarinen.
1:21 of 1st period - Stopped by Ville Husso without a rebound.
1:22 of 1st period - Matt Duchene wins face-off versus Robert Thomas in Islanders zone.
2:19 of 1st period - Icing by Vince Dunn.
2:20 of 1st period - Robert Thomas wins face-off versus Jean-Gabriel Pageau in Flyers zone.
3:34 of 1st period - Icing by Chris Tanev.
3:35 of 1st period - Chandler Stephenson wins face-off versus Calle Jarnkrok in Flyers zone.
3:51 of 1st period - Icing by Dante Fabbro.
3:52 of 1st period - Calle Jarnkrok wins face-off versus Connor McDavid in Flyers zone.
4:13 of 1st period - Shot by Mika Zibanejad.
4:13 of 1st period - Goal by Mika Zibanejad - Flyers : 1 - Islanders : 0.
4:14 of 1st period - Mika Zibanejad wins face-off versus Matt Duchene in neutral zone.
5:26 of 1st period - Icing by Brad Marchand.
5:27 of 1st period - Connor McDavid wins face-off versus Morgan Geekie in Islanders zone.
6:37 of 1st period - Icing by Dante Fabbro.
6:38 of 1st period - Robert Thomas wins face-off versus Matt Duchene in Flyers zone.
6:38 of 1st period - Robert Thomas is hit by Pavel Buchnevich.
7:21 of 1st period - Shot by Pavel Buchnevich.
7:21 of 1st period - Stopped by Linus Ullmark with a rebound.
7:58 of 1st period - Shot by Evgeny Kuznetsov.
7:58 of 1st period - Shot Misses the Net.
8:00 of 1st period - Shot by Shayne Gostisbehere.
8:00 of 1st period - Stopped by Linus Ullmark with a rebound.
9:42 of 1st period - Minor Penalty to Justin Holl for Delaying the game.
9:42 of 1st period - Minor Penalty to Eetu Luostarinen for Hooking.
9:43 of 1st period - Mika Zibanejad wins face-off versus Connor McDavid in Islanders zone.
10:11 of 1st period - Shot by Jake Guentzel.
10:11 of 1st period - Shot Misses the Net.
10:23 of 1st period - Shot by Connor McDavid.
10:23 of 1st period - Shot Misses the Net.
10:53 of 1st period - Shot by Pavel Buchnevich.
10:53 of 1st period - Shot Misses the Net.
11:53 of 1st period - Shot by Chandler Stephenson.
11:53 of 1st period - Shot Blocked by Dante Fabbro.
11:55 of 1st period - Shot by Nick Leddy.
11:55 of 1st period - Shot Misses the Net.
12:17 of 1st period - Shot by Evgeny Kuznetsov.
12:17 of 1st period - Stopped by Linus Ullmark without a rebound.
12:18 of 1st period - Matt Duchene wins face-off versus Morgan Geekie in Flyers zone.
12:27 of 1st period - Shot by Pavel Buchnevich.
12:27 of 1st period - Shot Blocked by Vince Dunn.
12:44 of 1st period - Jon Marchessault is hit by Aaron Ekblad and loses puck.
12:49 of 1st period - Shot by Matt Duchene.
12:49 of 1st period - Stopped by Linus Ullmark with a rebound.
12:51 of 1st period - Shot by Shayne Gostisbehere.
12:51 of 1st period - Shot Misses the Net.
12:53 of 1st period - Shot by Shayne Gostisbehere.
12:53 of 1st period - Stopped by Linus Ullmark without a rebound.
12:54 of 1st period - Mika Zibanejad wins face-off versus Connor McDavid in Flyers zone.
12:59 of 1st period - Shea Theodore is hit by Mika Zibanejad and loses puck.
13:29 of 1st period - Shot by Mika Zibanejad.
13:29 of 1st period - Stopped by Ville Husso without a rebound.
13:30 of 1st period - Matt Duchene wins face-off versus Robert Thomas in Islanders zone.
13:30 of 1st period - Matt Duchene is hit by Jake DeBrusk.
13:44 of 1st period - Shot by Jake DeBrusk.
13:44 of 1st period - Shot Blocked by Justin Holl.
13:50 of 1st period - Shot by Jared McCann.
13:50 of 1st period - Stopped by Ville Husso with a rebound.
13:53 of 1st period - Minor Penalty to Justin Holl for Tripping.
13:54 of 1st period - Mika Zibanejad wins face-off versus Mikael Granlund in Islanders zone.
13:57 of 1st period - Shot by Victor Hedman.
13:57 of 1st period - Stopped by Ville Husso without a rebound.
13:58 of 1st period - Jean-Gabriel Pageau wins face-off versus Mika Zibanejad in Islanders zone.
14:33 of 1st period - Off-side.
14:34 of 1st period - Jean-Gabriel Pageau wins face-off versus Joel Farabee in neutral zone.
15:01 of 1st period - Shot by Aaron Ekblad.
15:01 of 1st period - Shot Misses the Net.
15:03 of 1st period - Shot by Jake DeBrusk.
15:03 of 1st period - Goal by Jake DeBrusk - Flyers : 2 - Islanders : 0.
15:03 of 1st period - John Gibson enters game.
15:04 of 1st period - Connor McDavid wins face-off versus Mika Zibanejad in neutral zone.
15:40 of 1st period - Shot by Mika Zibanejad.
15:40 of 1st period - Shot Misses the Net.
16:10 of 1st period - Shot by Jared McCann.
16:10 of 1st period - Stopped by John Gibson without a rebound.
16:11 of 1st period - Calle Jarnkrok wins face-off versus Matt Duchene in Islanders zone.
16:49 of 1st period - Joel Farabee is hit by Brent Burns and loses puck.
17:14 of 1st period - Icing by Jon Marchessault.
17:15 of 1st period - Matt Duchene wins face-off versus Mika Zibanejad in Islanders zone.
17:30 of 1st period - Shot by William Nylander.
17:30 of 1st period - Shot Misses the Net.
17:38 of 1st period - Shot by Mika Zibanejad.
17:38 of 1st period - Shot Misses the Net.
17:40 of 1st period - Shot by Mika Zibanejad.
17:40 of 1st period - Stopped by John Gibson with a rebound.
17:46 of 1st period - Shot by Johnny Gaudreau.
17:46 of 1st period - Stopped by John Gibson without a rebound.
17:47 of 1st period - Robert Thomas wins face-off versus Connor McDavid in Islanders zone.
17:51 of 1st period - Icing by Connor McDavid.
17:52 of 1st period - Robert Thomas wins face-off versus Connor McDavid in Islanders zone.
18:09 of 1st period - Shot by Connor McDavid.
18:09 of 1st period - Goal by Connor McDavid - Flyers : 2 - Islanders : 1.
18:10 of 1st period - Mika Zibanejad wins face-off versus Chandler Stephenson in neutral zone.
18:19 of 1st period - Shot by Johnny Gaudreau.
18:19 of 1st period - Shot Hit the Post.
18:43 of 1st period - Justin Holl is hit by Johnny Gaudreau and loses puck.
19:18 of 1st period - Shot by Robert Thomas.
19:18 of 1st period - Shot Misses the Net.
19:20 of 1st period - Shot by Aaron Ekblad.
19:20 of 1st period - Shot Blocked by Nick Leddy.
19:22 of 1st period - Shot by Robert Thomas.
19:22 of 1st period - Goal by Robert Thomas - Flyers : 3 - Islanders : 1.
19:23 of 1st period - Connor McDavid wins face-off versus Calle Jarnkrok in neutral zone.
19:26 of 1st period - Chris Tanev is hit by Brad Marchand and loses puck.
Goals for this period are 3 for Flyers vs 1 for Islanders.
Shots for this period are 10 for Flyers vs 7 for Islanders.

2nd period


0:01 of 2nd period - Connor McDavid wins face-off versus Mika Zibanejad in neutral zone.
0:17 of 2nd period - Icing by Alex Pietrangelo.
0:18 of 2nd period - Matt Duchene wins face-off versus Mika Zibanejad in Flyers zone.
0:18 of 2nd period - Matt Duchene is hit by Victor Hedman.
2:05 of 2nd period - Icing by Jared McCann.
2:06 of 2nd period - Robert Thomas wins face-off versus Chandler Stephenson in Flyers zone.
2:06 of 2nd period - Robert Thomas is hit by Evgeny Kuznetsov.
2:11 of 2nd period - Off-side.
2:12 of 2nd period - Mika Zibanejad wins face-off versus Connor McDavid in neutral zone.
2:15 of 2nd period - Shea Theodore is hit by William Nylander and loses puck.
2:51 of 2nd period - Alex Pietrangelo is hit by Brad Marchand and loses puck.
3:39 of 2nd period - Shot by Eetu Luostarinen.
3:39 of 2nd period - Shot Blocked by Nick Leddy.
3:56 of 2nd period - Off-side.
3:57 of 2nd period - Matt Duchene wins face-off versus Robert Thomas in neutral zone.
4:09 of 2nd period - Shot by Robert Thomas.
4:09 of 2nd period - Shot Misses the Net.
4:11 of 2nd period - Shot by Robert Thomas.
4:11 of 2nd period - Shot Misses the Net.
4:13 of 2nd period - Shot by Robert Thomas.
4:13 of 2nd period - Stopped by John Gibson without a rebound.
4:14 of 2nd period - Jean-Gabriel Pageau wins face-off versus Mika Zibanejad in Islanders zone.
4:14 of 2nd period - Jean-Gabriel Pageau is hit by Johnny Gaudreau.
4:33 of 2nd period - Shot by Michael Bunting.
4:33 of 2nd period - Shot Misses the Net.
4:42 of 2nd period - Icing by William Nylander.
4:43 of 2nd period - Mika Zibanejad wins face-off versus Connor McDavid in Flyers zone.
5:49 of 2nd period - Icing by Brent Burns.
5:50 of 2nd period - Connor McDavid wins face-off versus Morgan Geekie in Islanders zone.
6:28 of 2nd period - Shot by Matt Duchene.
6:28 of 2nd period - Deflect By Jon Marchessault.
6:28 of 2nd period - Shot Misses the Net.
6:47 of 2nd period - Pavel Buchnevich is hit by Sam Lafferty and loses puck.
7:02 of 2nd period - Shot by Jared McCann.
7:02 of 2nd period - Stopped by John Gibson with a rebound.
7:34 of 2nd period - Shot by Jake DeBrusk.
7:34 of 2nd period - Stopped by John Gibson with a rebound.
7:36 of 2nd period - Shot by Jared McCann.
7:36 of 2nd period - Stopped by John Gibson with a rebound.
7:38 of 2nd period - Shot by Aaron Ekblad.
7:38 of 2nd period - Shot Misses the Net.
7:43 of 2nd period - Minor Penalty to Mika Zibanejad for High sticking.
7:44 of 2nd period - Connor McDavid wins face-off versus Calle Jarnkrok in Flyers zone.
9:32 of 2nd period - Alex Pietrangelo is hit by Evgeny Kuznetsov and loses puck.
9:47 of 2nd period - Johnny Gaudreau is hit by Tanner Jeannot and loses puck.
10:29 of 2nd period - Shot by Matt Duchene.
10:29 of 2nd period - Stopped by Linus Ullmark without a rebound.
10:30 of 2nd period - Matt Duchene wins face-off versus Jared McCann in Flyers zone.
10:33 of 2nd period - Shot by Jake Guentzel.
10:33 of 2nd period - Shot Hit the Post.
11:14 of 2nd period - Icing by Aaron Ekblad.
11:15 of 2nd period - Jean-Gabriel Pageau wins face-off versus Robert Thomas in Flyers zone.
11:36 of 2nd period - Shot by Brent Burns.
11:36 of 2nd period - Deflect By Michael Bunting.
11:36 of 2nd period - Shot Misses the Net.
11:51 of 2nd period - Icing by Victor Hedman.
11:52 of 2nd period - Mika Zibanejad wins face-off versus Chandler Stephenson in Flyers zone.
12:20 of 2nd period - Minor Penalty to Evgeny Kuznetsov for Hooking.
12:21 of 2nd period - Robert Thomas wins face-off versus Jean-Gabriel Pageau in Islanders zone.
12:29 of 2nd period - Icing by Victor Hedman.
12:30 of 2nd period - Robert Thomas wins face-off versus Jean-Gabriel Pageau in Flyers zone.
12:37 of 2nd period - Shot by Victor Hedman.
12:37 of 2nd period - Stopped by John Gibson without a rebound.
12:38 of 2nd period - Mika Zibanejad wins face-off versus Jean-Gabriel Pageau in Islanders zone.
12:41 of 2nd period - Shot by Johnny Gaudreau.
12:41 of 2nd period - Shot Misses the Net.
12:43 of 2nd period - Shot by Mika Zibanejad.
12:43 of 2nd period - Stopped by John Gibson without a rebound.
12:44 of 2nd period - Johnny Gaudreau wins face-off versus Jean-Gabriel Pageau in Islanders zone.
12:53 of 2nd period - Shot by Victor Hedman.
12:53 of 2nd period - Stopped by John Gibson without a rebound.
12:54 of 2nd period - Jean-Gabriel Pageau wins face-off versus Mika Zibanejad in Islanders zone.
13:27 of 2nd period - Shot by Mika Zibanejad.
13:27 of 2nd period - Stopped by John Gibson without a rebound.
13:28 of 2nd period - Robert Thomas wins face-off versus Jean-Gabriel Pageau in Islanders zone.
13:45 of 2nd period - Tanner Jeannot is hit by Joel Farabee and loses puck.
14:27 of 2nd period - Icing by Chris Tanev.
14:28 of 2nd period - Connor McDavid wins face-off versus Mika Zibanejad in Flyers zone.
14:34 of 2nd period - Johnny Gaudreau is hit by Brent Burns.
14:39 of 2nd period - Johnny Gaudreau is hit by Shea Theodore and loses puck.
15:42 of 2nd period - Minor Penalty to Connor McDavid for Hooking.
15:43 of 2nd period - Jean-Gabriel Pageau wins face-off versus Robert Thomas in Islanders zone.
17:22 of 2nd period - Shot by Aaron Ekblad.
17:22 of 2nd period - Goal by Aaron Ekblad - Flyers : 4 - Islanders : 1.
17:23 of 2nd period - Morgan Geekie wins face-off versus Matt Duchene in neutral zone.
17:33 of 2nd period - Shot by Eric Staal.
17:33 of 2nd period - Shot Misses the Net.
17:42 of 2nd period - Icing by Justin Holl.
17:43 of 2nd period - Calle Jarnkrok wins face-off versus Matt Duchene in Islanders zone.
17:50 of 2nd period - Calle Jarnkrok is hit by Jon Marchessault and loses puck.
17:55 of 2nd period - Shot by Pavel Buchnevich.
17:55 of 2nd period - Shot Misses the Net.
18:52 of 2nd period - Pavel Buchnevich is hit by Jake DeBrusk.
Goals for this period are 1 for Flyers vs 0 for Islanders.
Shots for this period are 9 for Flyers vs 1 for Islanders.

3rd period


0:01 of 3rd period - Mika Zibanejad wins face-off versus Brad Marchand in neutral zone.
0:11 of 3rd period - Icing by Shayne Gostisbehere.
0:12 of 3rd period - Connor McDavid wins face-off versus Robert Thomas in Islanders zone.
0:37 of 3rd period - Icing by Shayne Gostisbehere.
0:38 of 3rd period - Mika Zibanejad wins face-off versus Connor McDavid in Islanders zone.
1:04 of 3rd period - Icing by Shayne Gostisbehere.
1:05 of 3rd period - Robert Thomas wins face-off versus Connor McDavid in Islanders zone.
2:06 of 3rd period - Shot by Johnny Gaudreau.
2:06 of 3rd period - Stopped by John Gibson without a rebound.
2:07 of 3rd period - Calle Jarnkrok wins face-off versus Chandler Stephenson in Islanders zone.
3:00 of 3rd period - Icing by Victor Hedman.
3:01 of 3rd period - Connor McDavid wins face-off versus Calle Jarnkrok in Flyers zone.
3:02 of 3rd period - Shot by Shea Theodore.
3:02 of 3rd period - Shot Misses the Net.
3:38 of 3rd period - Shot by William Nylander.
3:38 of 3rd period - Stopped by John Gibson with a rebound.
3:40 of 3rd period - Shot by William Nylander.
3:40 of 3rd period - Stopped by John Gibson without a rebound.
3:41 of 3rd period - Matt Duchene wins face-off versus Robert Thomas in Islanders zone.
4:08 of 3rd period - Shot by Pavel Buchnevich.
4:08 of 3rd period - Shot Blocked by Dante Fabbro.
4:23 of 3rd period - Jake DeBrusk is hit by Neal Pionk and loses puck.
4:24 of 3rd period - Jake DeBrusk from Flyers is injured at 4:24 of 3rd period (Groin).
4:25 of 3rd period - Mika Zibanejad wins face-off versus Connor McDavid in Islanders zone.
4:28 of 3rd period - Shot by Johnny Gaudreau.
4:28 of 3rd period - Shot Blocked by Brent Burns.
7:08 of 3rd period - Shot by Jon Marchessault.
7:08 of 3rd period - Stopped by Linus Ullmark without a rebound.
7:09 of 3rd period - Jean-Gabriel Pageau wins face-off versus Morgan Geekie in Flyers zone.
8:16 of 3rd period - Shot by Joel Farabee.
8:16 of 3rd period - Stopped by John Gibson without a rebound.
8:17 of 3rd period - Joel Farabee wins face-off versus Connor McDavid in Islanders zone.
8:24 of 3rd period - Shot by Robert Thomas.
8:24 of 3rd period - Shot Misses the Net.
8:26 of 3rd period - Shot by Jared McCann.
8:26 of 3rd period - Stopped by John Gibson without a rebound.
8:27 of 3rd period - Matt Duchene wins face-off versus Mika Zibanejad in Islanders zone.
8:27 of 3rd period - Matt Duchene is hit by William Nylander.
9:00 of 3rd period - Icing by Shayne Gostisbehere.
9:01 of 3rd period - Robert Thomas wins face-off versus Matt Duchene in Islanders zone.
9:31 of 3rd period - Icing by Neal Pionk.
9:32 of 3rd period - Mika Zibanejad wins face-off versus Matt Duchene in Islanders zone.
9:40 of 3rd period - Icing by Neal Pionk.
9:41 of 3rd period - Mika Zibanejad wins face-off versus Matt Duchene in Islanders zone.
9:54 of 3rd period - Shot by William Nylander.
9:54 of 3rd period - Stopped by John Gibson without a rebound.
9:55 of 3rd period - Connor McDavid wins face-off versus Robert Thomas in Islanders zone.
10:05 of 3rd period - Icing by Shea Theodore.
10:06 of 3rd period - Mika Zibanejad wins face-off versus Connor McDavid in Islanders zone.
10:50 of 3rd period - Shot by Johnny Gaudreau.
10:50 of 3rd period - Shot Misses the Net.
10:52 of 3rd period - Shot by William Nylander.
10:52 of 3rd period - Shot Blocked by Shea Theodore.
11:42 of 3rd period - Jared McCann is hit by Chandler Stephenson and loses puck.
12:02 of 3rd period - Icing by Neal Pionk.
12:03 of 3rd period - Morgan Geekie wins face-off versus Matt Duchene in Islanders zone.
12:06 of 3rd period - Shot by Eric Staal.
12:06 of 3rd period - Stopped by John Gibson without a rebound.
12:07 of 3rd period - Mika Zibanejad wins face-off versus Matt Duchene in Islanders zone.
12:29 of 3rd period - Jon Marchessault is hit by Victor Hedman and loses puck.
14:01 of 3rd period - Icing by Robert Thomas.
14:02 of 3rd period - Robert Thomas wins face-off versus Chandler Stephenson in Flyers zone.
14:02 of 3rd period - Robert Thomas is hit by Chandler Stephenson.
14:11 of 3rd period - Shot by Aaron Ekblad.
14:11 of 3rd period - Shot Blocked by Nick Leddy.
14:27 of 3rd period - Shot by Joel Farabee.
14:27 of 3rd period - Shot Blocked by Mikael Granlund.
14:59 of 3rd period - Shayne Gostisbehere is hit by William Nylander and loses puck.
16:16 of 3rd period - Shot by Connor McDavid.
16:16 of 3rd period - Stopped by Linus Ullmark without a rebound.
16:17 of 3rd period - Robert Thomas wins face-off versus Jean-Gabriel Pageau in Flyers zone.
16:17 of 3rd period - Robert Thomas is hit by Tanner Jeannot.
16:22 of 3rd period - Vince Dunn is hit by Justin Holl and loses puck.
16:27 of 3rd period - Shot by Jared McCann.
16:27 of 3rd period - Deflect By Robert Thomas.
16:27 of 3rd period - Shot Blocked by Justin Holl.
16:37 of 3rd period - Minor Penalty to Nick Leddy for Roughing.
16:38 of 3rd period - Jean-Gabriel Pageau wins face-off versus Mika Zibanejad in Islanders zone.
17:07 of 3rd period - Shot by Johnny Gaudreau.
17:07 of 3rd period - Stopped by John Gibson without a rebound.
17:08 of 3rd period - Jean-Gabriel Pageau wins face-off versus Robert Thomas in Islanders zone.
18:16 of 3rd period - Shot by William Nylander.
18:16 of 3rd period - Shot Misses the Net.
19:14 of 3rd period - Shot by Sam Lafferty.
19:14 of 3rd period - Shot Misses the Net.
19:48 of 3rd period - Shot by Aaron Ekblad.
19:48 of 3rd period - Stopped by John Gibson without a rebound.
19:49 of 3rd period - Chandler Stephenson wins face-off versus Mika Zibanejad in Islanders zone.
Goals for this period are 0 for Flyers vs 0 for Islanders.
Shots for this period are 9 for Flyers vs 2 for Islanders.